Cogmind - Beta 15 @@@ ROGUE MODE // 2025.08.05 @ 23:02:12 Player: Cracklepappy Result: Destroyed by G-47 Trooper with Particle Gun Performance ------------- Evolutions (0) 0 Regions Visited (1) 200 Robots Destroyed (18) 90 Value Destroyed (294) 294 Prototype IDs (0) 0 Alien Tech Used (0) 0 Bonus (0) 0 TOTAL SCORE: 584 Bonus ------- None Cogmind --------- Core Integrity 0/250 Matter 280/300 Energy 125/125 System Corruption 0% Temperature Cool (9) Movement Core (1450) Ox28 Location -10/Materials Parts ------- > --- POWER (1) -------- Light Ion Engine > --- PROPULSION (2) --- (None) > --- UTILITY (2) ------ Heat Sink Huge Storage Unit > --- WEAPON (2) ------- Heavy Hammer > --- INVENTORY (25) --- Light Ion Engine Wheel Small Storage Unit Cargo Storage Unit Seismic Detector Hacking Suite Medium Laser Small Laser Datajack Peak State ------------ > --- POWER ------------ Light Ion Engine > --- PROPULSION ------- Wheel Wheel > --- UTILITY ---------- Small Storage Unit Seismic Detector > --- WEAPON ----------- Medium Laser Assault Rifle > --- INVENTORY -------- Light Ion Engine Wheel Wheel Seismic Detector Hacking Suite Small Laser Small Laser Mining Laser [Rating: 8] Favorites ----------- Power Light Ion Engine Engine Light Ion Engine Propulsion Wheel Wheel Wheel Utility Seismic Detector Device Seismic Detector Storage Small Storage Unit Weapon Medium Laser Energy Gun Medium Laser Energy Cannon Beam Cannon Ballistic Gun Assault Rifle Impact Weapon Heavy Hammer Build | -11 -10 ------- Run | Yrd Mat Slots Evolved . | . . Power . | . . Propulsion . | . . Utility . | . . Weapon . | . . Parts Attached 16 | 7 9 Power 2 | 1 1 Engine 2 | 1 1 Core . | . . Reactor . | . . Propulsion 4 | 2 2 Treads . | . . Leg . | . . Wheel 4 | 2 2 Hover . | . . Flight . | . . Utility 4 | 2 2 Device 2 | 1 1 Storage 2 | 1 1 Processor . | . . Hackware . | . . Protection . | . . Artifact . | . . Weapon 6 | 2 4 Energy Gun 3 | 2 1 Energy Cannon 1 | . 1 Ballistic Gun 1 | . 1 Ballistic Cannon . | . . Launcher . | . . Special Weapon . | . . Impact Weapon 1 | . 1 Slashing Weapon . | . . Piercing Weapon . | . . Special Melee Weapon . | . . Unidentified Prototypes . | . . Parts Lost 8 | . 8 Power 1 | . 1 Propulsion 3 | . 3 Utility 1 | . 1 Weapon 3 | . 3 Highest Loss Streak 6 | . 6 To Critical Strikes . | . . Average Backups 7 | 4 9 Power 1 | . 1 Propulsion 1 | 1 1 Utility 2 | . 2 Weapon 2 | 1 2 Tool/Special . | . . Unused Backups 12 | 2 10 Power 1 | . 1 Propulsion 5 | 2 3 Utility 3 | . 3 Weapon 2 | . 2 Tool/Special 1 | . 1 Average Slot Usage (%) 95 | . 95 Engine 14 | . 14 Wheel 24 | . 24 Device 13 | . 13 Storage 14 | . 14 Energy Gun 10 | . 10 Energy Cannon 4 | . 4 Ballistic Gun 12 | . 12 Peak Build Rating 8 | 7 8 Average Rating 7 | 5 7 On Entrance 3 | . 7 Naked Turns . | . . Heaviest Build 91 | 12 91 Greatest Support 20 | 20 20 Greatest Overweight (x) 9 | . 9 Average Overweight (x) . | . . Largest Inventory Capacity 25 | 8 25 Average Capacity 12 | 7 13 Most Carried 14 | 8 14 Average Carried 7 | 4 9 Final Capacity 25 | 8 25 Final Carried 10 | 8 10 Class Distribution -------------------- 100% | Mutant Dominant Class ---------------- Mutant | -10/Materials Resources | -11 -10 ----------- Run | Yrd Mat Matter Collected 392 | 270 122 Remotely . | . . Salvage Created 483 | 200 283 Parts 41 | 19 22 Haulers Intercepted . | . . Recyclers Shooed . | . . Parts Field Recycled . | . . Retrieved Matter . | . . Parts Self-Destructed . | . . Prevented . | . . Kills | -11 -10 ------- Run | Yrd Mat Combat Hostiles Destroyed 8 | . 8 Melee 1 | . 1 Guns 2 | . 2 Cannons 5 | . 5 Classes Destroyed 8 | 3 5 Worker 2 | 2 . Tunneler 4 | 4 . Recycler 1 | 1 . Mechanic 1 | . 1 Operator 1 | . 1 Watcher 1 | . 1 Swarmer 3 | . 3 Grunt 5 | . 5 Best Kill Streak 4 | 3 4 Combat Bots Only 4 | . 4 Max Kills in Single Turn 1 | 1 1 Gunslinging . | . . Exploded . | . . Melee 1 | . 1 Uniques/NPCs Destroyed . | . . Combat | -11 -10 -------- Run | Yrd Mat Hostile Shots Fired 86 | . 86 Missed 11 | . 11 Hits 75 | . 75 Projectile 75 | . 75 Damage Taken 892 | . 892 Core 251 | . 251 Absorbed by Shields . | . . Core Remaining (%) 100 | 100 . Volleys Fired 52 | 17 35 Largest 2 | 2 2 Hottest 100 | 90 100 Shots Fired 103 | 34 69 Gun 82 | 34 48 Cannon 21 | . 21 Launcher . | . . Special . | . . Kinetic 26 | . 26 Thermal 77 | 34 43 Explosive . | . . Electromagnetic . | . . Robot Hit Streak 6 | 4 6 Robot Miss Streak 5 | 4 5 Penetration Max . | . . Secondary Targets . | . . Shots Hit Robots 62 | 18 44 Core Hits 25 | 8 17 Critical Kills . | . . Critical Parts Destroyed 1 | . 1 Critical Strikes 4 | 1 3 Burn 3 | 1 2 Smash 1 | . 1 Melee Attacks 6 | . 6 Impact 6 | . 6 Slashing . | . . Piercing . | . . Sneak Attacks . | . . Combat Hostiles . | . . Follow-up Attacks . | . . Damage Inflicted 956 | 221 735 Guns 574 | 221 353 Cannons 192 | . 192 Explosions . | . . Melee 190 | . 190 Ramming . | . . Kinetic 190 | . 190 Thermal 576 | 221 355 Explosive . | . . Electromagnetic . | . . Impact 190 | . 190 Slashing . | . . Piercing . | . . Highest Corruption . | . . Average Corruption . | . . Corruption Purged . | . . Corruption Blocked . | . . Overload Shots . | . . Overflow Damage 58 | . 58 Projectiles . | . . Explosions . | . . Melee 58 | . 58 Knockbacks 2 | . 2 Impact 2 | . 2 Kinetic . | . . Secondary . | . . Self-Inflicted Damage . | . . Shots . | . . Rammed . | . . Targets Rammed . | . . Kicked . | . . Crushed . | . . Highest Temperature 316 | 130 316 Average Temperature 97 | 52 119 Received Heat Transfer 429 | . 429 Effects 1 | . 1 Energy Bleed 1 | . 1 Siege Activations . | . . Martial Activations . | . . Shielding Activations . | . . Robots Disrupted . | . . Combat Hostiles . | . . Robots Corrupted . | . . Combat Hostiles . | . . Parts Fried . | . . Impact Corruptions 2 | . 2 Robots Melted . | . . Combat Hostiles . | . . Parts Melted 1 | . 1 Heat Transferred 1669 | 645 1024 Parts Sabotaged . | . . Parts Stolen . | . . Parts Stripped . | . . Power Chain Reactions . | . . Alert | -11 -10 ------- Run | Yrd Mat Maximum Alert Level . | . . Low Security (%) 100 | 100 100 Level 1 . | . . Level 2 . | . . Level 3 . | . . Level 4 . | . . Level 5 . | . . High Security . | . . Max Security . | . . Peak Influence 77 | 10 77 Initial . | . . Average 12 | 2 17 Influence Increases 304 | 35 269 Destroy 0b10 Robot/C 160 | . 160 Destroy 0b10 Robot/NC 50 | 35 15 Destroy Leader 32 | . 32 Successful Hack 16 | . 16 Destroy Structure 1 | . 1 Lose Combat Pursuer 45 | . 45 Influence Decreases 255 | 35 220 Time Decay 184 | 35 149 Lost Part 71 | . 71 Squads Dispatched 1 | . 1 Investigation . | . . Extermination . | . . Reinforcement 1 | . 1 Assault . | . . Garrison . | . . Intercept . | . . Searches Triggered . | . . Construction Impeded . | . . Haulers Reinforced . | . . Active Scanning Responses . | . . Cargo Convoy Interrupts . | . . Stealth | -11 -10 --------- Run | Yrd Mat Distress Signals 3 | . 3 Communications Jammed . | . . Distress Signals . | . . Times Spotted 13 | . 13 Peak Tracking Total 6 | . 6 Tactical Retreats 2 | . 2 Traps | -11 -10 ------- Run | Yrd Mat Traps Triggered . | . . Indirectly . | . . Trap Hack Attempts . | . . Triggered . | . . Disarmed . | . . Reprogrammed . | . . Reused . | . . Traps Extracted . | . . Installed . | . . Triggered . | . . Machines | -11 -10 ---------- Run | Yrd Mat Machines Disabled . | . . Max in Single Turn . | . . Machines Repaired . | . . Machines Dismantled . | . . Machines Sabotaged . | . . Overloaded Fab Kills . | . . Hacking | -11 -10 --------- Run | Yrd Mat Machines Accessed 4 | . 4 Terminals 4 | . 4 Fabricators . | . . Repair Stations . | . . Recycling Units . | . . Scanalyzers . | . . Garrison Access . | . . Total Hacks 11 | . 11 Successful 7 | . 7 Failed 4 | . 4 Catastrophic . | . . Database Lockouts . | . . Manual 11 | . 11 Terminals 11 | . 11 Fabricators . | . . Repair Stations . | . . Recycling Units . | . . Scanalyzers . | . . Garrison Access . | . . Terminal Hacks 2 | . 2 Robot Schematic 1 | . 1 Robot Analysis 1 | . 1 Fabricator Hacks . | . . Repair Station Hacks . | . . Recycling Unit Hacks . | . . Scanalyzer . | . . Garrison Access Hacks . | . . Unauthorized Hacks 5 | . 5 Terminals 5 | . 5 Operators 1 | . 1 Skim 4 | . 4 Fabricators . | . . Repair Stations . | . . Recycling Units . | . . Scanalyzers . | . . Garrison Access . | . . Data Cores Recovered 1 | . 1 Used . | . . Hacking Detections 3 | . 3 Full Trace Events . | . . Feedback Events . | . . Feedback Blocked . | . . Robot Schematics Acquired 1 | . 1 Robots Built . | . . Authchips . | . . Time . | . . Total Robot Build Rating . | . . Part Schematics Acquired . | . . Parts Built . | . . Authchips . | . . Time . | . . Total Part Build Rating . | . . Parts Repaired . | . . Time . | . . Parts Recycled . | . . Recycled Matter . | . . Retrieved Matter . | . . Retrieved Components . | . . Parts Scanalyzed . | . . Part Schematics Acquired . | . . Parts Damaged . | . . Bothacking | -11 -10 ------------ Run | Yrd Mat Used RIF Installer . | . . Robots Hacked . | . . Non-combat . | . . Combat . | . . Robot Hacks Applied . | . . Relay Couplers Released . | . . Fabnet Peak Effective % . | . . Robots Rewired . | . . Allies Hacked . | . . Hacks Repelled . | . . Allies | -11 -10 -------- Run | Yrd Mat Total Allies . | . . Largest Group . | . . Highest-Rated Group . | . . Highest-Rated Ally . | . . Total Orders . | . . Ally Attacks . | . . Total Damage . | . . Kills . | . . Allies Corrupted . | . . Allies Melted . | . . Intel | -11 -10 ------- Run | Yrd Mat Active Infowar (turns) 470 | 80 390 Seismic 470 | 80 390 Robot Analysis Total 1 | . 1 Derelict Logs Recovered . | . . Drone Launches . | . . Drone Recoveries . | . . Exploration | -11 -10 ------------- Run | Yrd Mat Turns Passed 618 | 179 439 Spaces Moved 437 | 130 307 Core 4 | 4 . Treads . | . . Legs . | . . Wheels 433 | 126 307 Hover . | . . Flight . | . . Fastest Speed 50 | 50 80 Average Speed 87 | 79 91 Slowest Speed 215 | 80 215 Overloaded Moves . | . . Propulsion Burnouts . | . . Robots Hopped . | . . Potential Cave-ins . | . . Cave-ins Triggered . | . . Exploration Rate (%) 26 | 5 48 Regions Visited 1 Branch Regions . Pre-discovered Areas . | . . Known Exits Taken . | . . Unknown Exits Taken 1 | 1 . Scrap Searched . | . . Spaces Dug . | . . Terrain Destroyed . | . . Melee . | . . Projectile . | . . AOE . | . . Terrain Rammed . | . . Walls Destroyed . | . . Machines Disabled . | . . Actions | -11 -10 --------- Run | Yrd Mat Total 559 | 171 388 Wait 13 | . 13 Move 436 | 129 307 Hop . | . . Pick Up 23 | 13 10 Fast Attach 9 | 7 2 Attach 4 | . 4 Detach . | . . Swap 4 | . 4 Drop 12 | 5 7 Fire 52 | 17 35 Melee 6 | . 6 Ram . | . . Kick . | . . Crush . | . . Escape Stasis . | . . Rewire . | . . Trap . | . . Miscellaneous . | . . Route ------- -11/Scrapyard -10/Materials (discovered 1 exit: [*Min]) History --------- Turn | Location | Event 23 | -11/Scrapyard | Discovered new exit (range 15) 180 | -11/Scrapyard | Entered Materials 303 | -10/Materials | Build established: Mutant 458 | -10/Materials | Discovered new exit (range 7) 592 | -10/Materials | Core integrity fell below 50% 608 | -10/Materials | Core integrity fell below 20% 619 | -10/Materials | Destroyed by G-47 Trooper with Particle Gun Last Messages --------------- 00570_ Seismic Detector destroyed. 00572_ Assault Rifle destroyed. 00577_ S-10 Pest destroyed. 00589_ Overheating: Energy bleed (-40). 00589_ Lgt. Ion Engine melted. 00589_ S-10 Pest destroyed. 00595_ Ion Engine destroyed. 00601_ Beam Cannon destroyed. 00603_ K-01 Serf collects debris. 00604_ Destroyed Heat Sink. 00604_ G-34 Mercenary system corrupted by crushing effect. 00606_ K-01 Serf collects debris. 00607_ G-34 Mercenary destroyed. 00611_ Sml. Laser destroyed. 00612_ G-47 Trooper knocked back. 00614_ Wheel destroyed. 00615_ G-47 Trooper suffers critical hit (Smash). 00615_ Destroyed Aluminum Leg. 00615_ G-47 Trooper system corrupted by crushing effect. 00615_ G-47 Trooper knocked back. Map ----- +----------------------------------------------------+ | ????????# #????# #??## ## ## | | ??######## #####?# #???# ## # | | ??# # #"T"### ##### ## # | | ??# + ^ % ## # | | ??# """ # = ^ % ## # | | ??# """ # """ """ """ ## # | | ??# """ # """ """ """ ## # | | ??# # """ """ """ ###+### | | ??####+### | | ?????# #?# | | ?????# #?# | | ?????# ### ########!%% | | ?????# #?????####+###### | | ?????# = #?????# % ## | | ?????# = o + ""??# """ !## | | ?????###=###=### # ""??# """ ## | | ??????##+###+### #?????# """ ## | | ??????# = *% # #?????# ^^ ## | | ??????# # #?????# """ #? | | ??????# # #?????# """ #? | | ??????# #? #?????# ??? #? | | ??????# #? #?????# ??? #? | | ??????# # #?????###???####? | | ??????# # #???????????????? | | ??????# *g% #???????????????? | | ??????# %@# #??????????????????? | | ??????#######+## #????????????????^^^ | | ??????????? [=??? #????????????????^^^ | | ?????????? ???? #??????????????????? | | ????????? """????? ??????????????????? | | ????????# "R?????? ?????????????????? | | ????????# ""??????? ????????????????? | | ????????# ????????####???????????????? | | ????????#????????????????????????????? | | ????????????????????????????????????? | | ????????????????????????????????????# | | ????????????????????????????????????# | | ????????????????????????????????????# | | ????????????????????????????????????# | | ????????????????????????????????????? ? | | ??????????????????????????????????????? | | ??????????????????????????????????????? | | ??????????????????????????????????????? | | ??????????????????????????????????????? | | ??????????????????????????????????????? | | ??????????????????????????????????????? | | ??????????????????????????????????????? | | ??????????????????????????????????????? | | ??????????????????????????????????????? | | ??????????????????????????????????????? | +----------------------------------------------------+ Best States ------------- Heat Dissipation 35 Energy Generation 10 Energy Capacity 250 Matter Stores 300 Matter Capacity 300 Sight Range 16 Terrain Scan Density 10 Evasion (%) 44 Item Schematics ----------------- None Robot Schematics ------------------ M-13 Machinist | -10/Materials | Hacked Fabricated ------------ Nothing Repaired ---------- Nothing Alien Tech Used ----------------- None Achievements -------------- None Challenges ------------ None Game ------ Seed RegenerativeDeuteriumSword Manual? 0 Play Time 00:08:04 Cumulative 1198.3 hours Start 2025.08.05 @ 22:55:59 End 2025.08.05 @ 23:02:12 Sessions 1 Manual Loads 0 Difficulty Rogue Special Mode None Game No. 578 Rogue 578 Adventurer 0 Explorer 0 Win Type - Total 23 Types 10/4/3/0/1/1/2/2/0/0 Lore% 90 Gallery% 90 Achievement% 84 Wizard Run 0 Options --------- Layout 0 ASCII 0 Keyboard 0 Movement Numpad Keybinds 0 Fullscreen 2 Font 24/Smallcaps Map View 76x50 Zoom Use 0% Tactical HUD 1 Map Filters NONE Filters SHIFT_HUE(315) Steam 1 RUN: 83122209-453e-4977-9b86-21b9aafc613a